 Dungeon Crawl Stone Soup version 0.27.1-15-g792fb953b9 (webtiles) character file.

Game seed: 2258394182199570249

95 croobank the Chiller (level 4, -5/30 HPs)
             Began as a Barachi Ice Elementalist on Nov 19, 2021.
             Killed by divine providence
             ... invoked by an orc priest
              (11 damage)
             ... on level 3 of the Dungeon.
             The game lasted 00:15:40 (3606 turns).

croobank the Chiller (Barachi Ice Elementalist)     Turns: 3606, Time: 00:15:40

Health: -5/30      AC:  6    Str: 10    XL:     4   Next: 66%
Magic:  6/9        EV:  8    Int: 15    God:
Gold:   55         SH:  0    Dex: 13    Spells: 8/9 levels left

rFire    + . .     SeeInvis .   k - +0 short sword
rCold    x . .     Faith    .   (no shield)
rNeg     . . .     Spirit   .   i - +0 scale mail
rPois    .         Reflect  .   (no helmet)
rElec    .         Harm     .   (no cloak)
rCorr    .         Rampage  .   (no gloves)
Will     .....                  (no boots)
Stlth    +.........             (no amulet)
HPRegen  0.10/turn              d - ring of fire
MPRegen  0.11/turn              (no ring)

@: unable to hop, slow
A: amphibious, slowness 1, strong legs 1, +LOS
a: Hop


You were on level 3 of the Dungeon.
You visited 1 branch of the dungeon, and saw 3 of its levels.

You collected 55 gold pieces.

Inventory:

Hand Weapons
 f - a +0 dagger
 k - a +0 short sword (weapon)
Missiles
 b - 12 bolts
 h - 14 arrows
Armour
 a - a +0 robe
 c - a +0 leather armour
 i - a +0 scale mail (worn)
Jewellery
 d - a ring of fire (left hand)
Scrolls
 j - 2 scrolls of torment
 l - a scroll of fear {unknown}
Potions
 g - 2 potions of flight {unknown}


   Skills:
 + Level 0.2 Fighting
 + Level 0.3 Armour
 + Level 2.3 Dodging
 + Level 2.0 Stealth
 + Level 3.4 Spellcasting
 + Level 6.0 Ice Magic


You had 8 spell levels left.
You knew the following spells:

 Your Spells              Type           Power      Damage    Failure   Level
a - Freeze                Ice            80%        1d9       11%         1

Your spell library contained the following spells:

 Spells                   Type           Power      Damage    Failure   Level
 Frozen Ramparts          Ice            40%        1d6       32%         3
 Ozocubu's Armour         Ice            20%        N/A       32%         3
 Hailstorm                Conj/Ice       11%        3d5       98%         4
 Stone Arrow              Conj/Erth      4%         3d7       99%         3
 Bolt of Magma            Conj/Fire/Erth 1%         4d4       100%        5
 Shatter                  Erth           1%         3d5*      100%        9


Dungeon Overview and Level Annotations

Branches:
Dungeon (3/15)

Altars:


Innate Abilities, Weirdness & Mutations

You are amphibious.
You cover ground slowly.
You can hop short distances.
You have an extended range of vision and can be seen from far away.


Message History

Aiming: Freeze (safe; 12% risk of failure)
Press: ? - help, Q - select action, (/) - cycle Shift-Dir - straight line, f - adder
Aim: an adder (lightly wounded)
You freeze the adder.
The adder is moderately wounded.
The adder misses you. The adder bites you.
* * * LOW HITPOINT WARNING * * *
Aiming: Freeze (safe; 12% risk of failure)
Press: ? - help, Q - select action, (/) - cycle Shift-Dir - straight line, f/p - adder
Aim: an adder (moderately wounded)
You freeze the adder.
The adder is moderately wounded.
The adder bites you but does no damage. The adder bites you.
* * * LOW HITPOINT WARNING * * *
You are lethally poisoned!
The adder poisons you!
* * * LOW HITPOINT WARNING * * *
You feel sick. The adder barely misses you.
Found a stone staircase leading down.
* * * LOW HITPOINT WARNING * * *
You feel sick.
Aiming: Freeze (safe; 12% risk of failure)
Press: ? - help, Q - select action, (/) - cycle Shift-Dir - straight line, f/p - adder
Aim: an adder (moderately wounded)
You freeze the adder!
You kill the adder!
* * * LOW HITPOINT WARNING * * *
You feel sick.
You feel better. The kobold hits you with a +0 club.
* * * LOW HITPOINT WARNING * * *
An orc comes into view. It is wielding a +2 vorpal hand axe.
The orc shouts!
An orc priest comes into view. It is wielding a +0 flail.
An orc comes into view. It is wielding a +0 mace.
The orc shouts!
An orc comes into view. It is wielding a +0 hand axe.
The orc priest invokes the aid of Beogh against you.
Beogh smites you!
You die...

#.# #.# ### #.# #..
#.# ##### #.# #.#
###.[.# #.# #.#
.##...# #.# #.#
.##...####.####.######
..+.........oJK.@...>#
.##..w####.####.#.####
.##...# #.# #.#.#
.##...## #.# #.#.#
.......# #.# #o#.#
###.##.# #.# #.#.#
.....#+###.# #o#o#
............ .o..#
............ ....#


You could see an orc priest, 4 orcs, an endoplasm and a kobold.

Vanquished Creatures
  3 adders
  A worm (D:2)
  A dart slug (D:1)
  3 orcs (D:3)
  7 ball pythons
  5 endoplasms
  6 giant cockroaches
  4 goblins (D:1)
  4 hobgoblins (D:1)
  4 jackals (D:2)
  3 quokkas
  7 bats
  4 frilled lizards
  3 kobolds
  3 rats
58 creatures vanquished.

Notes
Turn   | Place    | Note
-------+----------+-------------------------------------------
     0 | D:1      | croobank the Barachi Ice Elementalist began the quest for
                  | the Orb.
     0 | D:1      | Reached XP level 1. HP: 13/13 MP: 3/3
   118 | D:1      | Reached skill level 5 in Ice Magic
   394 | D:1      | Reached XP level 2. HP: 19/19 MP: 3/5
   522 | D:1      | Found a faded altar of an unknown god.
  1000 | D:1      | Reached XP level 3. HP: 24/24 MP: 3/6
  1863 | D:2      | Reached XP level 4. HP: 30/30 MP: 6/8
  2822 | D:2      | Reached skill level 6 in Ice Magic
  3601 | D:3      | HP: 1/30 [poisoned by an adder]
  3606 | D:3      | Killed from afar by an orc priest

Illustrated notes

Levels and vault maps discovered:
D:1:      heliophobic_arrival_battle_scene, layout_loops_corners,
          shapermc_ecumenical_altar_acropolis, minmay_split_cup_small
D:2:      layout_basic, corner_web_ring, minmay_strange_pillars
D:3:      minmay_razor_zed, layout_basic, overflow_temple_1_default,
          mainiacjoe_overflow_chevrons, minmay_checkerbox

Skill      XL: |  1  2  3  4 |
---------------+-------------+-----
Ice Magic      | 5 6 |  6.0
Stealth        | 2 |  2.0
Spellcasting   | 3 |  3.4
Fighting       | |  0.2
Armour         | |  0.3
Dodging        | |  2.3

Action                   |  1- 3 |  4- 6 || total
-------------------------+-------+-------++-------
Melee: Unarmed           |    17 |       ||    17
       Club              |     1 |       ||     1
       Dagger            |     5 |    43 ||    48
       Short sword       |       |    12 ||    12
 Cast: Freeze            |    54 |    30 ||    84
 Abil: Hop               |       |     1 ||     1
  Use: Scroll            |     1 |     3 ||     4
       Potion            |       |     1 ||     1
Armor: Robe              |     9 |       ||     9
       Scale mail        |       |    64 ||    64
Dodge: Dodged            |    34 |    39 ||    73
